 Dungeon Sprint DCSS version 0.30-a0-1161-g0704695555 (webtiles) character file.

Game seed: 7707037133345230593

445 sircluck the Cleaver (level 7, -3/74 HPs)
             Began as a Hill Orc Berserker on Apr 27, 2023.
             Was a Believer of Trog.
             Slain by Sonja
             ... wielding a +1 dagger of venom
              (6 damage)
             ... in the Dungeon (Sprint I: "Red Sonja").
             The game lasted 00:01:23 (486 turns).

sircluck the Cleaver (Hill Orc Berserker)            Turns: 486, Time: 00:01:23

Health: -3/74      AC:  3    Str: 22    XL:     7   Next: 3%
Magic:  7/7        EV: 12    Int:  7    God:    Trog [**....]
Gold:   297        SH:  0    Dex: 10    Spells: 6/6 levels left

rFire   . . .        a - +0 hand axe
rCold   . . .        (no shield)
rNeg    . . .        k - +0 leather armour
rPois   .            (no helmet)
rElec   .            (no cloak)
rCorr   .            (no gloves)
SInv    .            (no boots)
Will    .....        (no amulet)
Stlth   +            (no ring)
HPRegen 0.32/turn    (no ring)
MPRegen 0.10/turn

%: no teleportation
@: lethally poisoned (-3 -> -39), on berserk cooldown, slowed, very slow
A: no striking features
a: Renounce Religion, Berserk, Trog's Hand


You were in the Dungeon.
You worshipped Trog.
Trog was pleased with you.
You visited 1 branch You collected 297 gold pieces.

Inventory:

Hand Weapons
 a - a +0 hand axe (weapon)
Missiles
 m - 5 stones (quivered)
Armour
 b - a +0 animal skin
 k - a +0 leather armour (worn)
Wands
 i - a wand of flame (7)
 l - a wand of quicksilver (8)
Scrolls
 h - a scroll of blinking
Potions
 c - a potion of curing
 e - a potion of haste
 f - 3 potions of magic
 g - a potion of berserk rage


   Skills:
 + Level 11.1 Fighting
 + Level 13.0 Axes
 + Level 5.5 Armour
 + Level 3.8 Dodging


You had 6 spell levels left.
You didn't know any spells.
Your spell library was empty.

Dungeon Overview and Level Annotations

Branches:
Dungeon (1/1)

Altars:
Cheibriados
Dithmenos
Elyvilon
Fedhas
Gozag
Hepliaklqana
Kikubaaqudgha
Nemelex Xobeh
Okawaru
Qazlal
Ru
Sif Muna
Trog
Uskayaw
Vehumet
Wu Jian
Yredelemnul
Zin
The Shining One

Shops:
D ?

Annotations:
D Sonja


Message History

Sonja is moderately wounded.
You feel very sick.
Sonja hits you with a +1 dagger of venom.
You are more poisoned.
Sonja hits you with a +1 dagger of venom.
You are more poisoned.
Sonja closely misses you.
You completely miss Sonja.
Sonja is moderately wounded.
You feel extremely sick. Sonja barely misses you. Sonja closely misses you.
Sonja barely misses you.
You miss Sonja.
Sonja is moderately wounded.
You feel extremely sick.
Sonja casts a spell.
Sonja blinks!
You feel extremely sick.
You feel a strong urge to attack something.
You are no longer berserk.
You are exhausted.
You feel as though you will be slow longer.
You feel extremely sick.
You hit Sonja but do no damage.
Sonja is moderately wounded.
* * * LOW HITPOINT WARNING * * *
You feel very sick.
Sonja hits you with a +1 dagger of venom!
* * * LOW HITPOINT WARNING * * *
You are more poisoned.
Sonja barely misses you.
Sonja hits you with a +1 dagger of venom.
* * * LOW HITPOINT WARNING * * *
You are more poisoned.
You feel much better.
* * * LOW HITPOINT WARNING * * *
You feel extremely sick.
Sonja hits you with a +1 dagger of venom!
* * * LOW HITPOINT WARNING * * *
Sonja hits you with a +1 dagger of venom.
You die...

################
#<.#..)..#.)'..#
#..)..#..'..#..+
#..#####'#####'#
#..####..#...#)#
#..#__####..##.#
#..#_____##'#K.+
#⌠⌠#_.∩...†.@._#
####_..__##_.#'#
#_____###'#[#
####### #.###
$.$ #$.$# ##.##
#+#


You could see Sonja.

Vanquished Creatures
  Sigmund (D)
  A yak (D)
  An ogre (D)
  A jelly (D)
  Ijyb (D)
5 creatures vanquished.

Notes
Turn   | Place    | Note
-------+----------+-------------------------------------------
     0 | D        | sircluck the Hill Orc Berserker began the quest for the
                  | Orb.
     0 | D        | Reached XP level 1. HP: 19/19 MP: 1/1
     1 | D        | Noticed Ijyb
    10 | D        | Killed Ijyb
    11 | D        | Reached skill level 5 in Fighting
    11 | D        | Reached skill level 6 in Axes
    11 | D        | Reached XP level 2. HP: 10/30 MP: 2/2
    11 | D        | Reached XP level 3. HP: 12/37 MP: 3/3
   114 | D        | Noticed an ogre
   122 | D        | Killed an ogre
   123 | D        | Reached skill level 8 in Axes
   123 | D        | Reached XP level 4. HP: 48/48 MP: 4/4
   177 | D        | Noticed Sigmund
   194 | D        | Killed Sigmund
   194 | D        | Reached ** piety under Trog
   195 | D        | Reached skill level 11 in Axes
   195 | D        | Reached XP level 5. HP: 16/58 MP: 5/5
   195 | D        | Reached XP level 6. HP: 19/66 MP: 6/6
   348 | D        | Found an ornate altar of the Wu Jian Council.
   348 | D        | Found a shimmering blue altar of Sif Muna.
   350 | D        | Found a radiant altar of Vehumet.
   353 | D        | Reached skill level 10 in Fighting
   353 | D        | Reached skill level 5 in Armour
   417 | D        | Found Ludae's Magic Scroll Emporium.
   417 | D        | Found an ancient bone altar of Kikubaaqudgha.
   417 | D        | Found a hazy altar of Hepliaklqana.
   417 | D        | Found a stormy altar of Qazlal.
   417 | D        | Found a hide-covered altar of Uskayaw.
   417 | D        | Found a blossoming altar of Fedhas.
   417 | D        | Found a bloodstained altar of Trog.
   417 | D        | Found an iron altar of Okawaru.
   417 | D        | Found a basalt altar of Yredelemnul.
   417 | D        | Found a glowing golden altar of the Shining One.
   417 | D        | Found a snail-covered altar of Cheibriados.
   417 | D        | Found a sacrificial altar of Ru.
   417 | D        | Found a glowing silver altar of Zin.
   417 | D        | Found a shadowy altar of Dithmenos.
   417 | D        | Found a white marble altar of Elyvilon.
   417 | D        | Noticed a yak
   424 | D        | Killed a yak
   425 | D        | Reached skill level 13 in Axes
   425 | D        | Reached XP level 7. HP: 74/74 MP: 7/7
   425 | D        | Found an opulent altar of Gozag.
   426 | D        | Found a sparkling altar of Nemelex Xobeh.
   474 | D        | Noticed Sonja
   486 | D        | HP: 3/74 [Sonja/+1 dagger of venom (8)]
   486 | D        | Slain by Sonja

Illustrated notes

Levels and vault maps discovered:
D:        dungeon_sprint_1 [red_sonja_temple_1, red_sonja_temple_small_1]

Skill      XL: |  1  2  3  4  5  6 |
---------------+-------------------+-----
Fighting       | 5 7 9 11 | 11.1
Axes           | 6 8 11 13 | 13.0
Armour         | 3 4 5 |  5.5
Dodging        | 2 3 |  3.8

Action                     |  1- 3 |  4- 6 |  7- 9 || total
---------------------------+-------+-------+-------++-------
  Melee: Hand axe          |    15 |    21 |     6 ||    42
 Invoke: Berserk           |     2 |     3 |     1 ||     6
    Use: Potion            |       |     1 |     1 ||     2
 Armour: Leather armour    |       |     1 |     1 ||     2
  Dodge: Dodged            |     3 |     2 |     6 ||    11

Table legend: (Time is in decaauts)
 A = Elapsed time spent in this place.
 B = Non-inter-level travel time spent in this place.
 C = Inter-level travel time spent in this place.
 D = Time resting spent in this place.
 E = Time spent auto-exploring this place.
 F = Levels seen in this place.
 G = Mean time per level.
                   A        B        C        D        E       F      G
               +--------+--------+--------+--------+--------+-----+--------+
         Total |    530 |    530 |      0 |    317 |     66 |   1 |  530.0 |
       Dungeon |    530 |    530 |      0 |    317 |     66 |   1 |  530.0 |
               +--------+--------+--------+--------+--------+-----+--------+

Top non-repeatable levels by time:
       D: 530 daAuts
